Map: Babylon LE

Players

Maru - Winner!

  • Race: Terran Terran
  • League: Master
  • Spawn Location: 5:00

ByuN

  • Race: Terran Terran
  • Spawn Location: 11:00

VOD

https://www.youtube.com/watch?v=LqA9InMoqJQ

Description

Time

  • Played on: March 17, 2023, 12:46 a.m.
  • Length: 9:12
Show
View Real Time Build Order
Export as new Build Order

Maru Terran - Winner!

Build Orders: Reaper Expand 

Get SALT Encoding   

  12  0:00  SCV  
  13  0:12  SCV  
  14  0:16  Supply Depot  
  14  0:24  SCV  
  15  0:38  SCV  
  15  0:40  Barracks  
  16  0:43  Refinery  
  16  0:50  SCV  
  17  1:02  SCV  
  18  1:14  SCV  
  19  1:27  Orbital Command, Reaper  
  20  1:42  Command Center  
  20  1:53  SCV  
  21  1:54  Supply Depot  
  21  2:00  Reaper  
  22  2:05  SCV  
  23  2:09  Barracks  
  23  2:15  Bunker  
  23  2:19  SCV  
  24  2:30  Factory  
  24  2:31  Marine  
  24  2:33  SCV  
  26  2:38  Refinery  
  26  2:48  SCV  
  26  2:50  Barracks Reactor  
  27  2:53  Orbital Command  
  27  2:56  Barracks Tech Lab  
  27  3:00  SCV  
  28  3:12  SCV  
  29  3:14  Hellion, Marine, Stimpack  
  29  3:19  SCV  
  33  3:24  SCV  
  33  3:26  Supply Depot  
  34  3:27  Marine x2  
  34  3:32  Marine  
  34  3:33  SCV  
  38  3:38  Starport  
  38  3:39  SCV  
  39  3:41  Factory Reactor  
  39  3:45  SCV  
  39  3:47  Marine x2  
  42  3:50  Marine  
  42  3:51  SCV  
  42  3:54  Supply Depot  
  44  3:57  SCV  
  45  4:03  SCV  
  45  4:05  Marine x2  
  45  4:07  Marine  
  50  4:10  SCV  
  50  4:15  SCV  
  51  4:22  SCV  
  51  4:23  Marine  
  53  4:26  Medivac  
  53  4:27  Medivac, SCV  
  53  4:30  Marine x2  
  60  4:33  Supply Depot  
  60  4:34  SCV, Refinery  
  60  4:35  Factory Tech Lab  
  61  4:40  SCV  
  61  4:43  Engineering Bay  
  62  4:49  Supply Depot  
  62  4:54  Marine x3  
  62  4:55  SCV x2  
  62  4:56  Siege Tank  
  69  5:05  Combat Shield  
  70  5:07  SCV  
  70  5:10  SCV  
  70  5:12  Barracks, Marine x2  
  73  5:16  Terran Infantry Weapons Level 1  
  73  5:19  SCV  
  73  5:20  Supply Depot  
  74  5:21  Starport Reactor  
  74  5:23  SCV  
  74  5:25  Refinery  
  74  5:28  Marine  
  76  5:30  Marine  
  76  5:31  SCV  
  78  5:37  Siege Tank  
  78  5:39  Marine  
  78  5:40  SCV  
  77  5:45  Marine  
  77  5:48  Marine  
  73  5:50  SCV  
  73  5:52  Command Center  
  73  5:57  Marine  
  74  5:58  Medivac  
  74  5:59  Medivac  
  74  6:01  Marine  
  74  6:02  Marine, Supply Depot  
  74  6:03  Marine  
  82  6:10  SCV  
  83  6:16  Siege Tank  
  83  6:17  Barracks x2  
  86  6:19  Supply Depot  
  86  6:24  Marine x3  
  89  6:29  Marine, Missile Turret  
  89  6:31  Marine  
  91  6:37  Medivac x2  
  94  6:41  Marine x2  
  94  6:43  Marine  
  94  6:45  SCV x2  
  96  6:55  Marine x2  
  96  6:57  SCV x2  
  96  6:59  Marine  
  87  7:02  Siege Tank  
  87  7:07  Supply Depot  
  87  7:08  Marine x2  
  90  7:09  SCV x2  
  90  7:13  Marine x2  
  96  7:17  Marine x2  
  96  7:20  Supply Depot  
  96  7:21  Marine  
  99  7:26  Marine  
  99  7:27  Marine  
  101  7:33  Medivac  
  101  7:34  Marine x2  
  101  7:35  Medivac  
  101  7:36  Marine  
  108  7:40  Marine x2  
  110  7:44  Marine  
  110  7:50  Marine  
  109  7:52  Marine x2  
  109  7:53  Marine  
  97  8:00  Marine x2  
  97  8:02  Marine  
Show
View Real Time Build Order
Export as new Build Order

ByuN Terran 

Build Orders:  

Get SALT Encoding   

  12  0:00  SCV  
  13  0:12  SCV  
  14  0:17  Supply Depot  
  14  0:24  SCV  
  15  0:39  SCV  
  15  0:41  Barracks  
  16  0:43  Refinery  
  16  0:51  SCV  
  16  0:52  Refinery  
  17  1:03  SCV  
  18  1:15  SCV  
  19  1:27  Orbital Command, Reaper  
  19  1:31  Supply Depot  
  20  1:40  Factory  
  20  1:53  SCV  
  21  1:59  Reaper  
  22  2:05  SCV  
  23  2:18  SCV  
  23  2:20  Command Center  
  24  2:25  Hellion  
  26  2:31  SCV  
  26  2:32  Barracks Reactor  
  27  2:41  Starport  
  27  2:43  SCV  
  28  2:48  Supply Depot  
  28  2:53  Widow Mine  
  28  2:55  SCV  
  31  3:10  Marine x2, SCV  
  34  3:16  Factory Tech Lab  
  34  3:18  Medivac  
  36  3:22  SCV  
  37  3:28  Marine  
  37  3:29  Marine  
  37  3:32  Orbital Command  
  39  3:34  SCV  
  39  3:39  Cyclone  
  43  3:44  Refinery  
  43  3:46  SCV  
  44  3:48  Starport Tech Lab  
  44  3:50  Marine x2  
  44  3:55  Supply Depot  
  46  3:58  SCV  
  46  4:00  SCV  
  48  4:07  Raven  
  48  4:09  Marine x2  
  52  4:12  SCV x2  
  54  4:19  Siege Tank  
  57  4:24  SCV x2  
  57  4:27  Supply Depot  
  57  4:28  Marine x2  
  61  4:36  Supply Depot  
  61  4:37  SCV  
  62  4:48  SCV  
  62  4:52  SCV  
  64  4:55  Supply Depot  
  64  5:00  SCV, Medivac x2, Siege Tank  
  64  5:01  Marine  
  64  5:04  SCV  
  64  5:05  Stimpack  
  74  5:12  SCV  
  75  5:16  SCV  
  76  5:21  Supply Depot  
  76  5:23  Command Center  
  76  5:24  SCV  
  76  5:25  Marine  
  76  5:28  SCV  
  78  5:37  SCV  
  78  5:38  Siege Tank  
  78  5:40  SCV  
  80  5:49  Viking x2, SCV, Reaper  
  83  5:52  SCV  
  83  5:53  Command Center  
  84  5:59  Refinery  
  84  6:01  Barracks, SCV  
  84  6:03  Barracks  
  85  6:05  SCV  
  85  6:07  Supply Depot  
  84  6:12  Siege Tank  
  84  6:13  SCV  
  84  6:17  SCV  
  89  6:19  Engineering Bay  
  89  6:20  Marine  
  89  6:22  Engineering Bay  
  89  6:25  SCV  
  91  6:31  Supply Depot  
  91  6:40  Marine  
  91  6:45  Siege Tank  
  91  6:47  Liberator x2  
  101  6:58  Marine  
  93  7:02  SCV x2  
  95  7:08  Barracks Reactor  
  95  7:10  Orbital Command  
  96  7:15  Missile Turret  
  96  7:16  Barracks, Missile Turret  
  96  7:18  Barracks  
  95  7:33  Viking x2  
  95  7:34  Marine, Siege Tank  
  103  7:42  Barracks Reactor  
  103  7:44  Marine x2  
  105  7:56  Marine  
  95  8:02  Marine  
  76  8:06  Siege Tank  
  76  8:07  Marine x2  
  76  8:08  Marine  
  67  8:14  Marine  
  67  8:18  Marine  
  65  8:24  Marine  
  57  8:35  Marine  
Tags
 
League
Master
Matchup
TvT
Player
ByuNMaru
Race
Terran
Spawn Locations
Cross Positions
Add a new tag
Caveats
  • Supply blocks, unpowered buildings, or Contaminate may cause inaccurate times.
  • Supply counts are checked every 10 seconds.